 Dungeon Crawl Stone Soup version 0.16-a0-3728-gc6b4a4b (webtiles) character file.

177 Econoterrorist the Insei (level 5, 0/52 HPs)
             Began as a Naga Transmuter on Jan 22, 2015.
             Succumbed to a goblin's poison
             ... on level 2 of the Dungeon.
             The game lasted 00:10:38 (2688 turns).

Econoterrorist the Insei (Naga Transmuter)          Turns: 2688, Time: 00:10:39

Health: 0/52       AC: 22    Str: 12    XL:     5   Next: 57%
Magic:  9/9        EV:  1    Int: 14    God:
Gold:   129        SH:  0    Dex: 12    Spells: 2 memorised, 4 levels left

rFire  . . .     SeeInvis +       - Unarmed
rCold  . . .     Clarity  .     m - melded +1 robe {rN+}
rNeg   + + +     SustAb   .     (no shield)
rPois  +         Gourm    .     (helmet currently unavailable)
rElec  .         Spirit   .     f - melded +1 cloak
rCorr  .         Warding  .     (gloves currently unavailable)
rMut   .         NoTele   +     (no barding)
MR     .....                    (no amulet)
Stlth  ++........               h - ring of stealth
                                n - ring of flight

@: lethally poisoned, tree-form, not resistant to hostile enchantments,
unstealthy
A: spit poison, (molten scales 0), see invisible, (deformed body), frail 2,
(poison resistance), (slowness 0), AC +1
a: Spit Poison


You were on level 2 of the Dungeon.
You were not hungry.
You were a tree.
You visited 1 branch of the dungeon, and saw 2 of its levels.

You collected 129 gold pieces.

Inventory:

Armour
 f - a +1 cloak (melded)
 m - a +1 robe of positive energy (melded)
Jewellery
 h - a ring of stealth (right branch)
 n - a ring of flight (left branch)
Scrolls
 e - a scroll of blinking
Potions
 i - a potion of agility
Books
 d - a book of Changes

   Spells                             Type                      Level
   a - Beastly Appendage              Transmutation                1
   b - Sticks to Snakes               Transmutation                2
   c - Spider Form                    Transmutation/Poison         3
   d - Ice Form                       Ice/Transmutation            4
   e - Blade Hands                    Transmutation                5
Comestibles
 a - a bread ration
 j - 4 fruits


   Skills:
 - Level 1.0 Fighting
 - Level 1.5 Dodging
 - Level 5.8 Unarmed Combat
 - Level 2.0 Spellcasting
 + Level 2.2 Transmutations
 + Level 1.3 Poison Magic


You had 4 spell levels left.
You knew the following spells:

 Your Spells              Type           Power        Failure   Level  Hunger
a - Beastly Appendage     Trmt           #.....       12%         1    ##.....
b - Spider Form           Trmt/Pois      #.........   38%         3    ####...


Dungeon Overview and Level Annotations

Branches:
Dungeon (2/15)

Altars:


Innate Abilities, Weirdness & Mutations

You cannot wear boots.
You can spit poison.
((Your serpentine skin is tough (AC +1).))
You have supernaturally acute eyesight.
((Armour fits poorly on your strangely shaped body.))
((Your system is resistant to poisons.))
((You cover ground very slowly.))
((You are partially covered in molten scales (AC +1).))
You are very frail (-20% HP).


Message History

Forget which spell ([?*] list [ESC] exit)?
Forget which spell ([?*] list [ESC] exit)?
Okay, then.
It was a scroll of amnesia.
There is a lethal amount of poison in your body!
* * * LOW HITPOINT WARNING * * *
You feel sick.
* * * LOW HITPOINT WARNING * * *
You feel sick.
* * * LOW HITPOINT WARNING * * *
You feel sick.
* * * LOW HITPOINT WARNING * * *
You feel sick.
* * * LOW HITPOINT WARNING * * *
You feel sick.
* * * LOW HITPOINT WARNING * * *
You feel sick.
* * * LOW HITPOINT WARNING * * *
You feel sick.
You die...

.# #..#........#
#.##.... .#
##.#........#
#.##.### .#
#..........# #.##.#
.# ##.........#
#)##.# .#
#.........###.##.###
'####
##..####...........#
....# #..#
######....#.# ..).#
#..# ######.# ....#
#.♣# #.# ....# #.)#
#.# ....# #..# #.#
....# .... #.# ....#
..... #.# '####
....... #.# .#
........ #.. ##
.......# ####### ...
#.....#


There were no monsters in sight!

Vanquished Creatures
  Sigmund (D:2)
  Terence (D:2)
  3 adders (D:2)
  A worm (D:2)
  4 ball pythons
  12 bats
  3 giant cockroaches (D:1)
  3 hobgoblins
  6 jackals
  6 kobolds
  4 giant newts
  8 goblins
  6 rats
58 creatures vanquished.

Notes
Turn   | Place    | Note
--------------------------------------------------------------
     0 | D:1      | Econoterrorist, the Naga Transmuter, began the quest for the Orb.
     0 | D:1      | Reached XP level 1. HP: 18/18 MP: 3/3
   272 | D:1      | Reached XP level 2. HP: 16/25 MP: 2/4
   704 | D:1      | Reached skill level 4 in Unarmed Combat
   814 | D:1      | Reached XP level 3. HP: 26/31 MP: 6/6
  1264 | D:1      | Learned a level 3 spell: Spider Form
  1560 | D:2      | Reached XP level 4. HP: 34/38 MP: 5/7
  1649 | D:2      | Noticed Terence
  1685 | D:2      | Killed Terence
  1685 | D:2      | Reached skill level 5 in Unarmed Combat
  2123 | D:2      | Noticed Sigmund
  2138 | D:2      | Gained mutation: You are frail (-10% HP). [potion of mutation]
  2138 | D:2      | Gained mutation: You are very frail (-20% HP). [potion of mutation]
  2138 | D:2      | Gained mutation: You are partially covered in molten scales (AC +1). [potion of mutation]
  2141 | D:2      | HP: 2/45 [Sigmund/scythe of flaming (1)]
  2144 | D:2      | Killed Sigmund
  2144 | D:2      | Reached XP level 5. HP: 2/35 MP: 9/9
  2627 | D:2      | Reached skill level 1 in Poison Magic
  2676 | D:2      | HP: 2/52 [poisoned by a goblin]
  2681 | D:2      | HP: 1/52 [poisoned by a goblin]
  2688 | D:2      | Succumbed to a goblin's poison

Action                   |  1- 3 |  4- 6 || total
-------------------------+-------+-------++-------
Melee: Unarmed           |   176 |    71 ||   247
 Cast: Beastly Appendage |     4 |     6 ||    10
  Use: Potion            |       |     6 ||     6
       Scroll            |       |     2 ||     2
 Stab: Distracted        |       |     1 ||     1
  Eat: Chunk             |     2 |     2 ||     4
       Royal jelly       |       |     1 ||     1
